 Dungeon Crawl Stone Soup version 0.30.0 (webtiles) character file.

Game seed: 17703564419762618961

133 Odexios the Changer (level 5, 0/33 HPs)
             Began as an Octopode Transmuter on May 6, 2023.
             Splashed by a jelly's acid (7 damage)
             ... on level 3 of the Dungeon.
             The game lasted 00:07:14 (2607 turns).

Odexios the Changer (Octopode Transmuter)           Turns: 2607, Time: 00:07:14

Health: 0/33       AC:  2    Str:  9    XL:     5   Next: 16%
Magic:  4/8        EV: 19    Int: 18    God:
Gold:   95         SH:  0    Dex: 17    Spells: 2/8 levels left

rFire   . .          .
                       - Unarmed
rCold   . . .        (shield currently unavailable)
rNeg    . . .        (helmet currently unavailable)
rPois   x            (no amulet)
rElec   .            i - +4 ring of slaying
rCorr   .            (no ring)
SInv    .            (no ring)
Will    .....        (no ring)
Stlth   ++           (no ring)
HPRegen 0.25/turn    (no ring)
MPRegen 0.11/turn    (no ring)
                     (no ring)

%: no passive effects
@: spider-form (expiring), wereblooded
A: venomous fangs, almost no armour, (amphibious), 8 rings, tiny, (camouflage
1), (gelatinous body 1), (nimble swimmer 1), (tentacles)
a: End Transformation


You were on level 3 of the Dungeon.
You were a venomous arachnid creature.
You visited 1 branch of the dungeon, and saw 4 of its levels.

You collected 95 gold pieces.

Inventory:

Missiles
 d - 5 poisoned darts
Jewellery
 i - a +4 ring of slaying (left front pincers)
Scrolls
 a - a scroll of enchant armour {unknown}
 b - 6 scrolls of teleportation {unknown}
 e - a scroll of poison {unknown}
 f - a scroll of noise {unknown}
 h - a scroll of magic mapping {unknown}
 m - a scroll of butterflies {unknown}
Potions
 c - a potion of degeneration {unknown}
 g - a potion of curing {unknown}
 j - a potion of heal wounds {unknown}
 k - 2 potions of cancellation {unknown}
 l - a potion of flight {unknown}
 n - a potion of invisibility {unknown}


   Skills:
 - Level 1.0 Fighting
 - Level 2.0 Dodging
 - Level 3.0 Stealth
 - Level 3.0 Unarmed Combat
 - Level 2.0 Spellcasting
 + Level 3.3 Transmutations
 + Level 1.2 Ice Magic
 - Level 3.0 Poison Magic


You had 2 spell levels left.
You knew the following spells:

 Your Spells              Type           Power      Damage    Failure   Level
a - Beastly Appendage     Tmut           26%        N/A       14%         1
b - Wereblood             Tmut           13%        N/A       19%         2
c - Spider Form           Tmut/Pois      13%        N/A       32%         3

Your spell library contained the following spells:

 Spells                   Type           Power      Damage    Failure   Level
 Vhi's Electric Charge    Tloc/Air       2%         N/A       69%         3
 Ice Form                 Ice/Tmut       10%        N/A       77%         4
 Arcjolt                  Conj/Air       0%         1d10      100%        5
 Maxwell's Capacitive Co  Air            0%         ∞         100%        8


Dungeon Overview and Level Annotations

Branches:
Dungeon (4/15)
 Temple: D:4-7

Altars:

Shops:
D:4 **(

Annotations:
D:4 Dowan, Duvessa


Innate Abilities, Weirdness & Mutations

You are a venomous arachnid creature.
You have venomous fangs.
You are tiny and dextrous.
Your spellcasting is less reliable in this form.
Your armour is entirely melded.
You are incapable of wielding weapons or throwing items.
You cannot wear most types of armour.
((You are amphibious.))
You can wear up to eight rings at the same time.
((Your skin changes colour to match your surroundings (Stealth+).))
((Your rubbery body absorbs attacks. (AC +1, EV +1)))
((You are camouflaged when in or above water. (Stealth+)))
((You have tentacles for arms and can constrict up to eight enemies at once.))


Message History

You hit Dowan.
Dowan is poisoned.
Dowan is moderately wounded.
You hear the slow rusting of a drain nearby.
Dowan hits you but does no damage.
You hit Dowan.
Dowan is heavily wounded.
Your transformation is almost over.
A jelly comes into view.
Dowan hits you with a +0 dagger of flaming.
Dowan burns you.
The jelly quivers.
You hit Dowan.
Dowan is heavily wounded.
Dowan gestures wildly while chanting.
Dowan blinks!
Unknown command.
Dowan laughs at you. "Don't get delusional, you can't win!"
An endoplasm comes into view.
An orc priest comes into view. It is wielding a +0 club.
The orc priest shouts!
You hear a shout! x2
The endoplasm quivers.
You hit Dowan.
Dowan looks as sick as possible!
Dowan is severely wounded.
Dowan closely misses you.
Unknown command.
The orc priest invokes the aid of Beogh against you.
Beogh smites you!
* * * LOW HITPOINT WARNING * * *
Dowan misses you. The jelly completely misses you.
You climb upwards.
There is a stone staircase leading down here.
Unknown command.
You hit the jelly.
The jelly is poisoned.
Your front pincers burn!
* * * LOW HITPOINT WARNING * * *
The jelly is moderately wounded.
The jelly jiggles.
The jelly hits you.
* * * LOW HITPOINT WARNING * * *
You are splashed with acid!
You die...

#.##.# #.#...........##########.
#....# #.#.#####.<...........##.
#########.#.##.##############.##.
..............................##.
#....####.#.##.#############..##.
#..............#.......# #..##.
#.....###.#.##.#.#####.# #..##.
#.....# #.#.##.#J# #.# #..##.
#####.# #.#.##.#s# #.# #..##)
......# #.#.##.#.# #.# #..##.
####### #.#.##†#.# #.# #..##.
#.#....#.# #.# #..##. ##.######.#
#.#####..##. #.........#
#........##. ###########
#######..##. #..##. ##....


You could see a jelly (very poisoned).

Vanquished Creatures
  An orc wizard (D:3)
  6 adders
  A worm (D:2)
  A dart slug (D:3)
  2 orcs (D:3)
  3 endoplasms (D:3)
  3 giant cockroaches
  7 goblins
  2 hobgoblins
  A jackal (D:1)
  A quokka (D:2)
  7 ball pythons
  5 bats
  7 frilled lizards
  3 kobolds
  A rat (D:1)
51 creatures vanquished.

Vanquished Creatures (others)
  A demonic plant (D:4)
1 creature vanquished.

Grand Total: 52 creatures vanquished

Notes
Turn   | Place    | Note
-------+----------+-------------------------------------------
     0 | D:1      | Odexios the Octopode Transmuter began the quest for the
                  | Orb.
     0 | D:1      | Reached XP level 1. HP: 13/13 MP: 3/3
   570 | D:1      | Reached skill level 1 in Stealth
   610 | D:1      | Reached skill level 1 in Poison Magic
   610 | D:1      | Reached XP level 2. HP: 18/18 MP: 5/5
   621 | D:1      | Learned a level 2 spell: Wereblood
  1091 | D:2      | Reached XP level 3. HP: 23/23 MP: 3/6
  1121 | D:2      | Learned a level 3 spell: Spider Form
  1237 | D:2      | Reached XP level 4. HP: 23/28 MP: 3/7
  1437 | D:2      | Found a faded altar of an unknown god.
  2130 | D:3      | Reached skill level 1 in Ice Magic
  2130 | D:3      | Reached XP level 5. HP: 22/33 MP: 2/8
  2489 | D:4      | Noticed Duvessa
  2489 | D:4      | Noticed Dowan
  2549 | D:4      | Found Cazul's Antique Weapon Shoppe.
  2549 | D:4      | Found Lirriri's General Store.
  2549 | D:4      | Found Reizem's Assorted Antiques.
  2607 | D:3      | Splashed by a jelly's acid

Illustrated notes

Levels and vault maps discovered:
D:1:      amcnicky_arrival_underground_garden, layout_rooms,
          serial_co_window_serial, co_window_paths_b, co_window_paths_a,
          co_window_corner_a, co_window_paths_a, co_window_of_opportunity_a,
          co_window_corner_a, co_window_corner_ca, co_window_corner_b,
          co_window_corner_ca, co_window_paths_c, co_window_of_opportunity_b,
          co_window_broadway_c, co_window_unsneaky_path_b, co_window_paths_d,
          minmay_misc_feat_alley, columned_hall_lemuel, minmay_circled_x
D:2:      layout_rooms, dilly_ecumenical_altar_fadedgnrine
D:3:      layout_basic
D:4:      layout_loops_ring, grunt_temple_overflow_cloverleaf, serial_demonic,
          serial_demonic_b, serial_demonic_e, serial_demonic_d,
          serial_demonic_c, serial_demonic_a, serial_demonic_g,
          serial_demonic_f, gup_sewer_entry_glass, minivault_24,
          nicolae_shop_distant_corner_stores, uniq_duvessa

Skill      XL: |  1  2  3  4 |
---------------+-------------+-----
Stealth        | 1 2 3 |  3.0
Poison Magic   | 1 2 3 |  3.0
Transmutations | 3 |  3.3
Ice Magic      | 1 |  1.2
Fighting       | |  1.0
Dodging        | |  2.0
Unarmed Combat | |  3.0
Spellcasting   | |  2.0

Action                     |  1- 3 |  4- 6 || total
---------------------------+-------+-------++-------
  Melee: Unarmed           |    49 |    58 ||   107
         Constrict         |    15 |    12 ||    27
         Tentacles         |    10 |     4 ||    14
         Kick              |     4 |    13 ||    17
         Punch             |     2 |       ||     2
   Cast: Beastly Appendage |     6 |     9 ||    15
         Wereblood         |     3 |     2 ||     5
         Spider Form       |       |     1 ||     1
    Use: Potion            |       |     1 ||     1
   Stab: Sleeping          |     2 |    12 ||    14
 Armour: Skin              |     6 |     7 ||    13
  Dodge: Dodged            |    37 |    27 ||    64
